 Dungeon Crawl Stone Soup version 0.18-a0-1643-gb89d9db (webtiles) character file.

111462 4thArraOfDagon the Shatterer (level 16, 0/192 HPs)
             Began as an Ogre Hunter on Mar 28, 2016.
             Was the Champion of Makhleb.
             Killed from afar by a deep elf annihilator (37 damage)
             ... with a crystal spear
             ... on level 3 of the Elven Halls.
             The game lasted 01:15:00 (12036 turns).

4thArraOfDagon the Shatterer (Ogre Hunter)         Turns: 12036, Time: 01:15:01

Health: 0/192      AC: 10    Str: 23    XL:     16   Next: 57%
Magic:  0/19       EV: 18    Int: 15    God:    Makhleb [******]
Gold:   2056       SH:  0    Dex: 10    Spells: 3 memorised, 10 levels left

rFire  . . .     SeeInvis .     j - +1 great mace (holy)
rCold  . . .     Gourm    .     X - +2 robe {rN+}
rNeg   + . .     Faith    .     (shield currently unavailable)
rPois  .         Spirit   +     R - +1 hat
rElec  .         Dismiss  .     A - +1 cloak
rCorr  .         Reflect  .     (gloves unavailable)
SustAt .         Harm     .     (boots unavailable)
MR     ++...                    l - amulet of guardian spirit
Stlth  +.........               Z - ring of protection from magic
                                w - +5 ring of evasion

@: lethally poisoned (0 -> -6), very resistant to hostile enchantments, very
unstealthy
A: unfitting armour, beak, rugged brown scales 2, low mp 1, regeneration 1,
strong 1, tough skin 1, wild magic 1, MP-powered wands
a: Minor Destruction, Lesser Servant of Makhleb, Major Destruction, Greater
Servant of Makhleb, Renounce Religion


You were on level 3 of the Elven Halls.
You worshipped Makhleb.
Makhleb was exalted by your worship.
You were not hungry.

You visited 4 branches of the dungeon, and saw 28 of its levels.
You also visited: Ice Cave.

You collected 2353 gold pieces.
You spent 297 gold pieces at shops.

Inventory:

Hand Weapons
 j - a +1 great mace of holy wrath (weapon)
 v - a +2 bardiche of protection
 M - a +1 giant spiked club of venom
 Q - a +0 blowgun
 U - a +3 great mace of protection
Missiles
 c - 7 curare-tipped needles
 d - 28 large rocks (quivered)
Armour
 A - a +1 cloak (worn)
 R - a +1 hat (worn)
 X - a +2 robe of positive energy (worn)
 Y - a +0 troll leather armour
Magical Staves
 N - an uncursed staff of wizardry {!a}
Jewellery
 l - an amulet of guardian spirit (around neck)
 t - a +5 ring of protection
 w - a +5 ring of evasion (left hand)
 x - an uncursed ring of resist corrosion
 W - the ring "Rummus" {-Tele rElec rPois Int+6}
   (You took it off a deep elf blademaster on level 3 of the Elven Halls)

   [ring of intelligence]

   It affects your intelligence (+6).
   It insulates you from electricity.
   It protects you from poison.
   It prevents most forms of teleportation.
 Z - a ring of protection from magic (right hand)
Wands
 b - a wand of iceblast (8/15)
 h - a wand of acid (9/15)
 r - a wand of acid (10/15)
 L - a wand of heal wounds (8/9)
 P - a wand of paralysis (11/24)
 S - a wand of disintegration (0/24)
 V - a wand of disintegration (6/24)
Scrolls
 a - 4 scrolls of fog
 e - 7 scrolls of teleportation
 g - 2 scrolls of remove curse
 m - 4 scrolls of identify
 o - 2 scrolls of noise
 y - a scroll of magic mapping
 D - 2 scrolls of blinking
 E - 2 scrolls of recharging
 I - 2 scrolls of enchant weapon
 J - 4 scrolls of enchant armour
Potions
 i - 2 potions of cancellation
 n - 4 potions of curing
 q - 2 potions of heal wounds
 z - 4 potions of flight
 B - a potion of invisibility
 C - a potion of berserk rage
 F - 6 potions of brilliance
 G - a potion of resistance
 H - 2 potions of might
 K - 4 potions of agility
 T - a potion of lignification
Miscellaneous
 p - a fan of gales
 s - a sack of spiders
Comestibles
 f - 8 bread rations
 k - 6 meat rations
 u - 4 chunks of flesh
 O - 16 royal jellies


   Skills:
 + Level 17.5 Fighting
 * Level 23.8 Maces & Flails
 - Level 4.0 Throwing
 - Level 10.0 Dodging
 - Level 0.7 Stealth
 - Level 6.2 Invocations
 - Level 8.0 Evocations


You had 10 spell levels left.
You knew the following spells:

 Your Spells              Type           Power        Failure   Level  Hunger
a - Repel Missiles        Chrm/Air       #.....       54%         2    ###....
b - Swiftness             Chrm/Air       #.......     54%         2    ###....
c - Apportation           Tloc           #.........   43%         1    ##.....


Dungeon Overview and Level Annotations

Branches:
Dungeon (15/15)            Temple (0/1) D:5            Lair (8/8) D:8
  Slime (0/6) Lair:7          Orc (2/2) D:9             Elf (3/3) Orc:2
  Swamp: Lair:3-6    Shoals: Lair:3-6     Snake: Lair:3-6    Spider: Lair:3-6
 Vaults: D:13-14     Depths: D:15

Altars:
Cheibriados
Gozag
Makhleb
Ru
Beogh
Jiyva

Shops:
D:8 [   D:10 :   D:14 (   Orc:1 %   Orc:2 ((([

Portals:
Trove: D:13 (give +3 ice dragon armour)

Annotations:
D:3 Grinder
D:4 Crazy Yiuf


Innate Abilities, Weirdness & Mutations

You are too large for most types of armour.
You have tough skin (AC +1).
You have a beak for a mouth.
You are mostly covered in rugged brown scales (AC +2, +5% HP).
Your magical capacity is low (-10% MP).
Your natural rate of healing is unusually fast.
Your muscles are strong. (Str +2)
Your spells are a little harder to cast, but a little more powerful.
You expend magic power (3 MP) to strengthen your wands.


Message History

Unknown command.
You thump the deep elf annihilator!
The deep elf annihilator is severely wounded.
The deep elf annihilator gestures at you while chanting.
The poison arrow hits you!
You are poisoned.
* * * LOW HITPOINT WARNING * * *
Unknown command.
Unknown command.
You thump the deep elf annihilator! You peck the deep elf annihilator.
The deep elf annihilator is almost dead.
You feel sick.
Unknown command.
Unknown command.
You miss the deep elf annihilator.
The deep elf annihilator is almost dead.
You feel sick.
The deep elf annihilator gestures at you while chanting.
The crystal spear hits you!
You die...

#.....(.....# ##'## #...........#
#...' #...........# #...#
#...........# #...# #...........#
#...# #...).......# #...#
###.).?)..###### #'###
##.....##.#e3# #...+
####.###)..#@# #...#
#..#(#.)...### #...#
#####....e.)...##############...#
..........'..........#.........##
.......).)#..........'........##.
.........)#..........#.......##..
#######)###+########+####'####...
.....))........ ...........'...
......(........ ...........#..)


You could see a deep elf annihilator and a friendly smoke demon.

Vanquished Creatures
  A deep elf master archer (Elf:3)
  2 deep elf blademasters (Elf:3)
  4 deep elf sorcerers (Elf:3)
  Donald (Elf:3)
  6 deep elf elementalists
  2 large abominations (Elf:3)
  A stone giant (Orc:2)
  4 deep elf demonologists (Elf:3)
  4 deep elf annihilators (Elf:3)
  Snorg (Orc:1)
  2 deep elf death magi (Elf:3)
  2 blizzard demons (IceCv)
  3 deep elf high priests (Elf:3)
  3 catoblepae (Lair:8)
  A hydra (Lair:3)
  2 dancing weapons
  16 death yaks
  6 orc high priests
  2 deep elf knights (Elf:3)
  A fire crab (Lair:8)
  4 unseen horrors
  2 hill giants
  2 orc knights (Orc:2)
  15 deep elf magi
  An ugly thing (D:13)
  3 griffons
  4 orc sorcerers (Orc:2)
  A cyclops (D:12)
  A torpor snail (Lair:6)
  2 elephants
  An ice statue (IceCv)
  2 black mambas
  A gargoyle (D:13)
  3 spiny frogs
  2 centaur skeletons (D:9)
  A rime drake (Lair:8)
  4 anaconda simulacra (IceCv)
  A freezing wraith (IceCv)
  7 ice devils (IceCv)
  6 komodo dragons
  A queen bee (Lair:7)
  2 trolls (Orc:2)
  11 slime creatures
  16 blink frogs
  2 polar bears (Lair:3)
  A blink frog (shapeshifter) (D:13)
  A shadow (D:12)
  45 yaks
  A wraith (D:14)
  2 dire elephant simulacra (IceCv)
  A vampire (D:11)
  A fire elemental (Elf:3)
  2 water elementals (Elf:3)
  3 basilisks
  4 hippogriffs
  A death yak simulacrum (IceCv)
  A mottled dragon (D:11)
  7 iron troll simulacra (IceCv)
  3 vampire mosquitoes (D:12)
  3 wargs
  2 harpy simulacra (IceCv)
  9 water moccasins
  4 hydra simulacra (IceCv)
  7 porcupines
  A soldier ant (shapeshifter) (D:13)
  5 ice beasts
  36 orc warriors
  An eye of draining (D:13)
  A wasp (D:13)
  A phantom (D:4)
  4 slaves
  11 ogres
  8 wolves
  9 centaurs
  8 crocodiles
  A big kobold (D:7)
  12 giant frogs
  A wyvern zombie (D:13)
  A scorpion (D:8)
  15 killer bees (Lair:7)
  9 wights
  3 howler monkeys
  2 electric eels
  6 crimson imps
  2 draconian simulacra (IceCv)
  4 hounds
  29 orc priests
  18 orc wizards
  A giant frog skeleton (D:8)
  4 worker ants
  4 iguanas
  4 troll simulacra (IceCv)
  A polar bear simulacrum (IceCv)
  2 wolf simulacra (IceCv)
  18 sheep
  3 centaur simulacra (IceCv)
  2 hound skeletons
  A worker ant zombie (D:11)
  Robin (D:4)
  7 gnolls
  24 river rats
  9 adders
  A naga simulacrum (IceCv)
  20 white imps
  8 ufetubi (IceCv)
  2 oozes
  An adder zombie (D:9)
  2 worms
  3 giant geckos
  70 orcs
  3 ball pythons
  3 giant cockroaches
  7 goblins
  7 hobgoblins
  16 jackals
  13 kobolds
  A quokka (D:4)
  8 bats
  2 giant newts
  A quokka skeleton (D:4)
  7 rats
701 creatures vanquished.

Vanquished Creatures (collateral kills)
  A deep elf master archer (Elf:3)
  An orc warlord (Orc:2)
  Maud (Lair:6)
  The ghost of Wiebster667 the Warrior, a journeyman CeHu of Okawaru (Lair:6)
  A deep elf annihilator (Elf:3)
  Erica (Orc:1)
  The ghost of furman the Carver, a journeyman DsFi of Okawaru (Lair:3)
  2 hydras
  Sonja (D:13)
  3 orc knights (Orc:2)
  4 elephants (Lair:6)
  A cyclops (D:14)
  2 black mambas
  Joseph (D:8)
  3 blink frogs (Lair:3)
  5 yaks
  A warg (Orc:2)
  A porcupine (Lair:7)
  6 orc warriors
  2 ogres
  A wolf (Lair:8)
  2 crocodiles
  9 killer bees (Lair:7)
  7 wights
  An electric eel (Lair:6)
  6 orc priests
  An iguana (Lair:6)
  5 sheep (Lair:8)
  6 river rats (Lair:6)
  A shadow imp (D:13)
  17 orcs
  A butterfly (Lair:6)
  A fungus (Lair:6)
  A plant (Lair:6)
98 creatures vanquished.

Vanquished Creatures (others)
  An orc wizard (D:8)
  A bush (Elf:1)
  4 fungi
  18 plants
24 creatures vanquished.

Grand Total: 823 creatures vanquished

Notes
Turn   | Place    | Note
--------------------------------------------------------------
     0 | D:1      | 4thArraOfDagon the Ogre Hunter began the quest for the Orb.
     0 | D:1      | Reached XP level 1. HP: 22/22 MP: 1/1
    66 | D:2      | LETS TRY CHOKA
    72 | D:2      | HP: 1/22 [kobold/short sword (2)]
    73 | D:2      | Reached skill level 1 in Maces & Flails
   107 | D:2      | HP: 1/23 [bat (1)]
   113 | D:2      | HP: 1/23 [bat (1)]
   124 | D:2      | HP: 1/23 [bat (1)]
   193 | D:3      | Reached XP level 2. HP: 8/31 MP: 2/2
   235 | D:3      | Gained mutation: You are partially covered in rugged brown scales (AC +1, +3% HP). [potion of mutation]
   235 | D:3      | Gained mutation: Your muscles are strong. (Str +2) [potion of mutation]
   235 | D:3      | Gained mutation: Your natural rate of healing is unusually fast. [potion of mutation]
   236 | D:3      | Gained mutation: You have a beak for a mouth. [potion of mutation]
   236 | D:3      | Gained mutation: You expend magic power (3 MP) to strengthen your wands. [potion of mutation]
   236 | D:3      | Gained mutation: You are mostly covered in rugged brown scales (AC +2, +5% HP). [potion of mutation]
   308 | D:3      | Reached skill level 2 in Maces & Flails
   340 | D:3      | Reached skill level 3 in Maces & Flails
   340 | D:3      | Reached XP level 3. HP: 38/38 MP: 3/3
   395 | D:3      | Reached skill level 4 in Maces & Flails
   446 | D:3      | Reached XP level 4. HP: 38/47 MP: 4/4
   457 | D:2      | Found a burning altar of Makhleb.
   515 | D:2      | Became a worshipper of Makhleb the Destroyer
   516 | D:2      | MEH
   713 | D:2      | Reached skill level 5 in Maces & Flails
   750 | D:2      | Reached * piety under Makhleb
   767 | D:2      | Reached XP level 5. HP: 30/55 MP: 5/5
   823 | D:2      | Found a sacrificial altar of Ru.
   962 | D:3      | Noticed Grinder
   985 | D:4      | Reached skill level 6 in Maces & Flails
  1006 | D:4      | Noticed Pikel
  1006 | D:4      | Noticed a slave
  1010 | D:4      | Noticed a slave
  1019 | D:4      | Noticed a slave
  1059 | D:4      | Noticed Crazy Yiuf
  1152 | D:3      | Killed a slave
  1170 | D:4      | Noticed a slave
  1197 | D:4      | Killed a slave
  1208 | D:4      | Killed a slave
  1215 | D:4      | Killed a slave
  1350 | D:4      | Reached skill level 7 in Maces & Flails
  1351 | D:4      | Reached ** piety under Makhleb
  1377 | D:4      | Noticed a phantom
  1393 | D:4      | Reached XP level 6. HP: 48/64 MP: 6/6
  1403 | D:4      | Noticed Robin
  1408 | D:4      | Killed a phantom
  1408 | D:4      | Reached skill level 8 in Maces & Flails
  1435 | D:4      | Killed Robin
  1551 | D:5      | Entered Level 5 of the Dungeon
  1581 | D:5      | Reached skill level 9 in Maces & Flails
  1581 | D:5      | Reached XP level 7. HP: 70/70 MP: 7/7
  1766 | D:5      | Found a staircase to the Ecumenical Temple.
  1830 | D:7      | Reached *** piety under Makhleb
  1966 | D:7      | Reached skill level 1 in Invocations
  1999 | D:8      | Reached skill level 10 in Maces & Flails
  1999 | D:8      | Reached XP level 8. HP: 82/82 MP: 7/9
  2033 | D:8      | Found Taeli's Armour Shoppe.
  2076 | D:8      | Reached skill level 5 in Fighting
  2106 | D:8      | Noticed Joseph
  2140 | D:8      | Killed Joseph
  2169 | D:8      | Found an opulent altar of Gozag.
  2262 | D:8      | Found a snail-covered altar of Cheibriados.
  2269 | D:8      | hi
  2295 | D:8      | hi
  2362 | D:8      | Noticed a yak
  2364 | D:8      | Got a brightly glowing trident
  2371 | D:8      | Identified the cursed +2 trident of the Forest {freeze, Fragile rF+ Int+4} (You found it on level 8 of the Dungeon)
  2385 | D:8      | Killed a yak
  2385 | D:8      | Reached skill level 11 in Maces & Flails
  2390 | D:8      | Reached XP level 9. HP: 93/93 MP: 12/12
  2411 | D:8      | Found a staircase to the Lair.
  2638 | D:8      | Noticed an elephant
  2648 | D:8      | Killed an elephant
  2648 | D:8      | Reached **** piety under Makhleb
  2648 | D:8      | Reached skill level 5 in Invocations
  2747 | D:9      | Found a staircase to the Orcish Mines.
  2931 | D:9      | Reached skill level 12 in Maces & Flails
  3011 | D:10     | Entered Level 10 of the Dungeon
  3026 | D:10     | Reached skill level 1 in Evocations
  3086 | D:10     | Killed an unseen horror
  3086 | D:10     | Reached XP level 10. HP: 54/107 MP: 14/14
  3093 | D:10     | Found Vuoj's Book Boutique.
  3486 | D:11     | Learned a level 2 spell: Repel Missiles
  3489 | D:11     | Learned a level 2 spell: Swiftness
  3590 | D:11     | Reached skill level 5 in Dodging
  3619 | D:11     | Reached skill level 13 in Maces & Flails
  3738 | D:13     | Noticed a four-headed hydra
  3754 | D:13     | Noticed an orb spider
  3754 | D:13     | Killed a four-headed hydra
  3757 | D:13     | an orb spider changed into a blink frog
  3831 | D:13     | Noticed Sonja
  3843 | D:13     | Killed Sonja
  3856 | D:13     | Killed an unseen horror
  3915 | D:13     | Reached XP level 11. HP: 118/118 MP: 15/15
  4036 | D:12     | Killed an unseen horror
  4036 | D:12     | Reached skill level 14 in Maces & Flails
  4154 | D:13     | Reached skill level 5 in Evocations
  4187 | D:13     | Noticed a green ugly thing
  4190 | D:13     | Killed a green ugly thing
  4218 | D:13     | Killed an unseen horror
  4244 | D:13     | Reached ***** piety under Makhleb
  4245 | D:13     | Noticed a hill giant
  4252 | D:13     | Killed a hill giant
  4318 | D:13     | Found a portal to a secret trove of treasure.
  4448 | D:14     | Noticed a cyclops
  4467 | D:14     | Killed a cyclops
  4494 | D:14     | Found Simmel's Weapon Boutique.
  4512 | D:14     | Bought a +3 great mace of protection for 297 gold pieces
  4543 | D:15     | Entered Level 15 of the Dungeon
  4557 | D:15     | Noticed a catoblepas
  4710 | D:14     | Reached skill level 15 in Maces & Flails
  4743 | D:14     | Noticed a deep elf knight
  4743 | D:14     | Noticed a vault guard
  4863 | D:14     | Noticed a vault guard
  4863 | D:14     | Noticed a deep elf knight
  4991 | D:12     | Noticed a hill giant
  4992 | D:12     | Noticed a cyclops
  5012 | D:12     | Killed a hill giant
  5015 | D:12     | Killed a cyclops
  5015 | D:12     | Reached skill level 10 in Fighting
  5048 | D:12     | jacquesderrida: MANS
  5053 | D:12     | jacquesderrida: HI
  5062 | D:12     | jacquesderrida: I am back
  5081 | D:12     | Gained mutation: Your magical capacity is low (-10% MP). [potion of mutation]
  5081 | D:12     | Gained mutation: Your spells are a little harder to cast, but a little more powerful. [potion of mutation]
  5103 | D:12     | Reached XP level 12. HP: 94/132 MP: 15/15
  5164 | D:12     | jacquesderrida: I just translated an after event press release for a cocaine fashion orgy
  5171 | D:12     | jacquesderrida: Made some kash
  5234 | D:11     | jacquesderrida: The fuckers had money and no class!
  5279 | Orc:1    | Entered Level 1 of the Orcish Mines
  5305 | Orc:1    | Noticed Erica
  5319 | Orc:1    | Killed Erica
  5339 | Orc:1    | jacquesderrida: Big-tittied models, piano covers of lana del ray, black caviar and free vintage champagne
  5351 | Orc:1    | Found a roughly hewn altar of Beogh.
  5365 | Orc:1    | jacquesderrida: It's like I was there!
  5402 | Orc:2    | Entered Level 2 of the Orcish Mines
  5464 | Orc:2    | 4thArraOfDagon: wut
  5464 | Orc:2    | jacquesderrida: https://www.youtube.com/watch?v=81ziYfOYS5o
  5464 | Orc:2    | jacquesderrida: WUT WHAT
  5464 | Orc:2    | 4thArraOfDagon: https://www.youtube.com/watch?v=r95ub7GSm5k
  5519 | Orc:1    | jacquesderrida: That shit was sickier!
  5557 | Orc:1    | jacquesderrida: Half of the names had wiki pages
  5589 | Orc:2    | jacquesderrida: AND THEIR GRANDMAS TOO
  5595 | Orc:2    | jacquesderrida: WEll shit
  5595 | Orc:2    | 4thArraOfDagon: rofl
  5595 | Orc:2    | jacquesderrida: YOUNG AND BEAUTIFUL AND RICH
  5595 | Orc:2    | 4thArraOfDagon: that is grotesquian world mang
  5595 | Orc:2    | jacquesderrida: LA CREME DE LA CREME
  5595 | Orc:2    | 4thArraOfDagon: i can't even imagine
  5597 | Orc:2    | jacquesderrida: Nah
  5679 | Orc:1    | jacquesderrida: No more grotesque than the ones everyone lives in!
  5731 | Orc:1    | Noticed an orc high priest
  5739 | Orc:1    | Killed an orc high priest
  5784 | Orc:1    | Noticed Snorg
  5794 | Orc:1    | jacquesderrida: An international awards winning pianist playing for a model with D-CUPS singing Kanye West's hit songs!!
  5802 | Orc:1    | Killed Snorg
  5802 | Orc:1    | Reached skill level 16 in Maces & Flails
  5817 | Orc:1    | jacquesderrida: Fucking A, mang!
  5817 | Orc:1    | Found Gosevix's Food Emporium.
  5823 | Orc:1    | jacquesderrida: L A L
  5824 | Orc:1    | jacquesderrida: A
  5825 | Orc:1    | jacquesderrida: L
  5935 | Orc:1    | Found a roughly hewn altar of Beogh.
  6071 | Orc:2    | Found a roughly hewn altar of Beogh.
  6108 | Orc:2    | Noticed a stone giant
  6122 | Orc:2    | Found Hefes's Armour Boutique.
  6131 | Orc:2    | Killed a stone giant
  6137 | Orc:2    | TALOS???
  6143 | Orc:2    | Found Ixecero's Antique Weapon Shop.
  6157 | Orc:2    | DMAUL?
  6513 | Orc:2    | Reached XP level 13. HP: 118/143 MP: 17/17
  6544 | Orc:2    | Noticed an orc warlord
  6570 | Orc:2    | Killed an orc warlord
  6578 | Orc:2    | Reached skill level 17 in Maces & Flails
  6655 | Orc:2    | Found a roughly hewn altar of Beogh.
  6702 | Orc:2    | Found Aciuveh's Antique Weapon Shop.
  6981 | Orc:2    | Found Nock's Weapon Shoppe.
  7003 | Orc:2    | GG SHOPS
  7158 | Lair:1   | Entered Level 1 of the Lair of Beasts
  7215 | Lair:1   | Vidiiot: D-Cups? Where?
  7344 | Lair:2   | Reached ****** piety under Makhleb
  7450 | Lair:3   | Noticed furman's ghost (journeyman DsFi)
  7455 | Lair:3   | Killed furman's ghost
  7501 | Lair:3   | jacquesderrida: Depends on how much monies you have
  7524 | Lair:3   | jacquesderrida: And how FASHION you are
  7551 | Lair:3   | Reached skill level 18 in Maces & Flails
  7852 | Lair:4   | M4edhros: nice rings
  7866 | Lair:3   | jacquesderrida: Thanks
  7884 | Lair:4   | M4edhros: : ) np jacques
  7906 | Lair:4   | jacquesderrida: Thank you!
  7964 | Lair:4   | jacquesderrida: Also thanks
  8058 | Lair:5   | M4edhros: np as i said
  8069 | Lair:5   | M4edhros: dont be mean
  8086 | Lair:5   | M4edhros: : ))0
  8091 | Lair:5   | Found a sacrificial altar of Ru.
  8113 | Lair:5   | jacquesderrida: ;^)
  8130 | Lair:5   | jacquesderrida: (^;
  8203 | Lair:5   | Vidiiot: Tell me how the model was
  8203 | Lair:5   | Vidiiot: So I can look her up
  8205 | Lair:5   | Yawgmoth: Anyone know the hotkey for diplay fight log ?
  8206 | Lair:5   | :(
  8206 | Lair:5   | Vidiiot: ctrl + pp
  8208 | Lair:5   | Yawgmoth: ty
  8219 | Lair:5   | jacquesderrida: thank
  8229 | Lair:6   | Noticed Maud
  8229 | Lair:6   | Noticed Wiebster667's ghost (journeyman CeHu)
  8243 | Lair:6   | Killed Wiebster667's ghost
  8243 | Lair:6   | Reached XP level 14. HP: 148/160 MP: 16/18
  8253 | Lair:6   | Killed Maud
  8264 | Lair:6   | jacquesderrida: https://www.instagram.com/carolinevreeland/?hl=en
  8268 | Lair:6   | jacquesderrida: Here
  8296 | Lair:6   | jacquesderrida: Try not to splash the screen!
  8302 | Lair:6   | jacquesderrida: hehe
  8394 | Lair:6   | Reached skill level 19 in Maces & Flails
  8492 | Lair:5   | Vidiiot: I usually fap to your monologues Jay Dee. <3
  8516 | Lair:5   | Vidiiot: So I know how to be careful. Don't worry.
  8677 | Lair:7   | jacquesderrida: Thane
  8830 | Lair:7   | Learned a level 1 spell: Apportation
  8961 | Lair:8   | Entered Level 8 of the Lair of Beasts
  9000 | Lair:8   | Reached skill level 10 in Dodging
  9280 | Lair:8   | Reached skill level 20 in Maces & Flails
  9541 | Lair:8   | Reached XP level 15. HP: 168/173 MP: 8/18
  9661 | Lair:7   | Found a viscous altar of Jiyva.
  9667 | Lair:7   | Found a staircase to the Slime Pits.
  9748 | Lair:6   | Reached skill level 15 in Fighting
  9753 | Lair:6   | Reached skill level 21 in Maces & Flails
 10297 | Orc:2    | Found a staircase to the Elven Halls.
 10310 | Elf:1    | Entered Level 1 of the Elven Halls
 10374 | Elf:1    | Found a frozen archway.
 10421 | IceCv    | Entered an ice cave
 10530 | IceCv    | jacquesderrida: wowza
 11042 | Elf:1    | Noticed a deep elf elementalist
 11053 | Elf:1    | Killed a deep elf elementalist
 11125 | Elf:2    | Noticed Donald
 11137 | Elf:3    | Entered Level 3 of the Elven Halls
 11153 | Elf:3    | Killed Donald
 11153 | Elf:3    | Reached skill level 22 in Maces & Flails
 11265 | Elf:3    | Noticed a deep elf sorcerer
 11280 | Elf:3    | Killed a deep elf sorcerer
 11414 | Elf:3    | Noticed a deep elf sorcerer
 11431 | Elf:3    | Killed a deep elf sorcerer
 11474 | Elf:3    | Noticed a deep elf master archer
 11489 | Elf:3    | Killed a deep elf master archer
 11541 | Elf:3    | Noticed a deep elf elementalist
 11549 | Elf:3    | Killed a deep elf elementalist
 11569 | Elf:3    | Noticed a deep elf sorcerer
 11582 | Elf:3    | Killed a deep elf sorcerer
 11582 | Elf:3    | Reached XP level 16. HP: 189/189 MP: 19/19
 11643 | Elf:3    | Reached skill level 23 in Maces & Flails
 11671 | Elf:3    | Noticed a deep elf blademaster
 11686 | Elf:3    | Killed a deep elf blademaster
 11808 | Elf:3    | Noticed a deep elf master archer
 11834 | Elf:3    | Killed a deep elf master archer
 11940 | Elf:3    | Noticed a deep elf blademaster
 11952 | Elf:3    | Killed a deep elf blademaster
 11956 | Elf:3    | Got a coiled lead ring
 11957 | Elf:3    | Identified the ring "Rummus" {-Tele rElec rPois Int+6} (You took it off a deep elf blademaster on level 3 of the Elven Halls)
 11958 | Elf:3    | jacquesderrida: kil al dagern
 11983 | Elf:3    | jacquesderrida: dayne
 12036 | Elf:3    | Killed from afar by a deep elf annihilator

Vault maps used:
D:1:      shiori_arrival_elements, grunt_decor_mini_mirrors
D:2:      lemuel_doored_altar, overflow_temple_1_default, grunt_decor_arrowhead,
          nicolae_ru_the_path_less_chosen
D:3:      first_bread, uniq_grinder
D:4:      serial_shops, shop, uniq_crazy_yiuf_cottage, uniq_pikel, uniq_robin
D:5:      tgw_trog, minmay_temple_entry_enclosed_plants, serial_shops, shop,
          roderic_lattice_a
D:6:      kennysheep_mini, nicolae_dithmenos_the_darkroom
D:7:      grunt_ogre_cave
D:8:      nicolae_gozag_cash_rules_everything_around_me, lemuel_round_altar,
          david_lair_generic, serial_shops, nicolae_shop_waterfront, uniq_joseph
D:9:      lemuel_coloured_pillars_altar, orc_0_dummy
D:10:     basic_altar, serial_shops, kennysheep_mini_moat, shop,
          serial_bayou_lagoon_b
D:12:     evilmike_diamond_2
D:13:     nicolae_trove_entry_columns, lemuel_flamethrower_2, uniq_sonja
D:14:     grunt_vaults_entry_fortified, solitary_fountain, serial_shops,
          nicolae_shop_window_shopping
D:15:     grunt_enter_depths_giant_problem, serial_shops, nicolae_shop_crystal,
          minmay_misc_feat_plants, minmay_misc_feat_ornament
Lair:3:   spider_nest_entry_rubble, minivault_25, grunt_megastairs_1
Lair:4:   minmay_swamp_entry_swarm, infiniplex_staircase_pool
Lair:5:   basic_altar
Lair:6:   serial_bayou_shore_a, lemuel_fruit_fields, uniq_maud
Lair:7:   slime_altar_1, grunt_forest_stairs_basic
Lair:8:   evilmike_catoblepas_cave, st_stairs_12, grunt_megastairs_4
Orc:1:    serial_shops, shop_coins, basic_altar, minmay_orc_temple_b,
          uniq_erica, uniq_snorg
Orc:2:    pubby_orc_utopia
Elf:1:    eino_elf_arrival_sip, portal_ice_cave_entry_imps,
          kennysheep_underground_church
Elf:2:    serial_shops, shop_statue, uniq_nikola, uniq_donald, uniq_jorgrun
Elf:3:    minmay_elf_hall_hex
IceCv:    ice_cave_caverns_01

Skill      XL: |  1  2  3  4  5  6  7  8  9 10 11 12 13 14 15 16 |
---------------+-------------------------------------------------+-----
Maces & Flails | 1 3 4 5 7 9 10 11 12 13 15 16 18 20 22 23 | 23.8
Fighting       | 3 4 5 7 8 10 11 13 14 16 17 | 17.5
Dodging        | 2 3 4 5 6 7 9 10 | 10.0
Invocations    | 1 4 6 |  6.2
Evocations     | 2 4 6 8 |  8.0
Throwing       | |  4.0
Stealth        | |  0.7

Action                   |  1- 3 |  4- 6 |  7- 9 | 10-12 | 13-15 | 16-18 || total
-------------------------+-------+-------+-------+-------+-------+-------++-------
Melee: Club              |    22 |       |       |       |       |       ||    22
       Short sword       |     4 |       |       |       |       |       ||     4
       Flail             |    18 |   249 |   238 |   131 |       |       ||   636
       Trident           |       |       |    19 |       |       |       ||    19
       Giant club        |       |       |       |   109 |       |       ||   109
       Great mace        |       |       |       |   330 |  1214 |   138 ||  1682
Throw: Large rock        |    15 |    11 |    21 |    50 |    39 |     3 ||   139
       Throwing net      |     2 |     6 |       |       |     6 |     1 ||    15
 Cast: Repel Missiles    |       |       |       |     4 |     2 |       ||     6
Invok: Lesser Servant of |       |       |     1 |    17 |    16 |     7 ||    41
       Greater Servant o |       |       |       |       |     2 |       ||     2
       Minor Destruction |       |       |       |       |     1 |       ||     1
Evoke: Wand              |       |     2 |     2 |     1 |    10 |     3 ||    18
  Use: Potion            |     2 |       |       |     5 |     3 |     2 ||    12
       Scroll            |     2 |     3 |     7 |     5 |    19 |     1 ||    37
 Stab: Sleeping          |       |     2 |       |     2 |       |       ||     4
       Distracted        |       |       |     1 |     5 |     8 |     4 ||    18
       Held in net/web   |       |       |       |       |     2 |     2 ||     4
  Eat: Chunk             |       |     3 |     5 |    11 |     8 |       ||    27
       Beef jerky        |       |       |       |     2 |     3 |       ||     5
       Pizza             |       |       |       |     1 |     2 |       ||     3
       Fruit             |       |       |       |       |     8 |       ||     8
